 Dungeon Crawl Stone Soup version 0.21.1-1-g345015fe64 (webtiles) character file.

1501 KleinerIrrer the Cleaver (level 9, -15/68 HPs)
             Began as a Formicid Fighter on Apr 4, 2018.
             Demolished by asdpro's ghost (33 damage)
             ... on level 6 of the Dungeon.
             The game lasted 00:01:13 (5280 turns).

KleinerIrrer the Cleaver (Formicid Fighter)         Turns: 5280, Time: 00:01:13

Health: -15/68     AC: 12    Str: 25    XL:     9   Next: 8%
Magic:  9/9        EV:  5    Int:  7    God:
Gold:   388        SH: 18    Dex: 10    Spells: 8/8 levels left

rFire    + . .     SeeInvis +   Y - +0 war axe
rCold    + . .     Gourm    .   i - +2 large shield {AC+3}
rNeg     . . .     Faith    .   k - +0 chain mail
rPois    .         Spirit   .   (helmet unavailable)
rElec    .         Reflect  .   (no cloak)
rCorr    .         Harm     .   (no gloves)
MR       .....                  (no boots)
Stlth    ..........             (no amulet)
HPRegen  0.21/turn              m - ring of protection from cold
MPRegen  0.11/turn              p - ring of protection from fire

@: no status effects
A: permanent stasis, dig shafts and tunnels, four strong arms, antennae 3
a: Dig, Shaft Self


You were on level 6 of the Dungeon.
You were not hungry.

You visited 1 branch of the dungeon, and saw 6 of its levels.

You collected 388 gold pieces.


Innate Abilities, Weirdness & Mutations

You cannot be hasted, slowed, berserked, paralysed or teleported.
You can dig through walls and to a lower floor.
Your four strong arms can wield two-handed weapons with a shield.
You have a pair of large antennae on your head. (SInv)


   Skills:
 - Level 5.0 Fighting
 - Level 9.0 Axes
 - Level 3.2 Armour
 - Level 1.1 Dodging
 + Level 6.6 Shields


You had 8 spell levels left.
You didn't know any spells.

Inventory:

Hand Weapons
 f - a +0 flail
 Y - a +0 war axe (weapon)
Missiles
 l - 5 javelins (quivered)
Armour
 i - a +2 large shield of protection (worn)
 k - a +0 chain mail (worn)
Jewellery
 m - a ring of protection from cold (left hand)
 p - a ring of protection from fire (right hand)
Wands
 r - a wand of polymorph (9)
Scrolls
 a - a scroll of teleportation
 j - 2 scrolls of remove curse
 n - a scroll of identify
Potions
 d - a potion of might
 g - a potion of berserk rage {unknown}
 h - 3 potions of curing
Comestibles
 b - 2 chunks of flesh
 e - 5 rations

Dungeon Overview and Level Annotations

Branches:
Dungeon (6/15)
 Temple: D:4-7

Altars:
Elyvilon
Gozag
Makhleb
Qazlal
Ru
Trog
Zin

Annotations:
D:6 asdpro's ghost, novice OgBe


Message History

You slash asdpro's ghost!
Asdpro's ghost is severely damaged.
You block asdpro's ghost's attack. Asdpro's ghost hits you.
You closely miss asdpro's ghost.
Asdpro's ghost is severely damaged.
You block the leopard gecko's attack. You block asdpro's ghost's attack.
Your chain mail prevents you from hitting asdpro's ghost.
Asdpro's ghost is severely damaged.
Your shield and chain mail prevent you from hitting the leopard gecko.
You block the leopard gecko's attack. You block asdpro's ghost's attack.
You barely miss asdpro's ghost.
Asdpro's ghost is severely damaged.
You hit the leopard gecko but do no damage.
You block the leopard gecko's attack. You block asdpro's ghost's attack.
The leopard gecko bites you.
You slash asdpro's ghost!
Asdpro's ghost is almost destroyed.
You closely miss the leopard gecko. Asdpro's ghost hits you!!
You die...

...... . ...... .....#.#
##### ##(...#.# #.#####
. ..>.... .......
..######..#.#.##.#.#####
.................#.#####
..........# #. #.##.<.
.......W..# #. #.##.##
......l@..# #. #.##.#.
..........#.#.####.##.#.
##.......##...........#.
#.......# ##.###.####.
#.......## #.# #.# #.
#....#...####.###.#.##.
......#..%#........#....
##....'...'..#+#####.###
#....#...#......... ###


You could see asdpro's ghost and a leopard gecko.

Vanquished Creatures
  A two-headed ogre (D:5)
  A sky beast (D:6)
  2 ogres
  2 bullfrogs (D:6)
  A crimson imp (D:5)
  A hound (D:5)
  An orc wizard (D:3)
  3 centaur skeletons
  An orc priest (D:4)
  2 worker ants (D:4)
  A hound skeleton (D:6)
  4 gnolls (D:3)
  8 adders
  A shadow imp (D:5)
  An ooze (D:3)
  2 worms
  5 dart slugs
  5 leopard geckos
  8 orcs
  2 ball pythons (D:3)
  4 giant cockroaches
  6 goblins
  8 hobgoblins
  4 jackals (D:3)
  9 kobolds
  A ball python zombie (D:5)
  8 bats
  5 frilled lizards
  A leopard gecko zombie (D:5)
  A quokka zombie (D:5)
  10 rats
109 creatures vanquished.

Notes
Turn   | Place    | Note
-------+----------+-------------------------------------------
     0 | D:1      | KleinerIrrer the Formicid Fighter began the quest for the Orb.
     0 | D:1      | Reached XP level 1. HP: 18/18 MP: 1/1
     0 | D:1      | 0 ||| counter = 31
   120 | D:1      | Reached XP level 2. HP: 24/24 MP: 2/2
   399 | D:1      | Reached skill level 3 in Axes
   544 | D:1      | Reached XP level 3. HP: 29/29 MP: 3/3
   667 | D:1      | 667 ||| READING 2 scrolls labeled QUBEMUEFAE.
   668 | D:1      | 668 ||| READING scroll labeled AZUJYT BAINA.
   669 | D:1      | 669 ||| READING scroll labeled UGRAMY BAILEI.
   670 | D:1      | 670 ||| DRINKING 2 coppery potions.
   682 | D:2      | 682 ||| STAIRDANCE
   709 | D:2      | 709 ||| STAIRDANCE
   716 | D:1      | HP: 7/29 [poisoned by an adder]
   719 | D:1      | HP: 3/29 [poisoned by an adder]
   720 | D:1      | 720 ||| DRINKING potion of curing.
   720 | D:1      | 720 ||| (to cure poison)
   933 | D:2      | 933 ||| STAIRDANCE
  1166 | D:2      | 1166 ||| UPGRADING to whip.
  1167 | D:2      | 1167 ||| SWAPPING to +0 war axe.
  1253 | D:2      | Reached skill level 4 in Axes
  1253 | D:2      | Reached XP level 4. HP: 35/35 MP: 4/4
  1384 | D:2      | Noticed an ogre
  1400 | D:2      | Killed an ogre
  1400 | D:2      | Reached skill level 5 in Axes
  1400 | D:2      | Reached XP level 5. HP: 28/41 MP: 5/5
  1401 | D:2      | 1401 ||| STAIRDANCE
  1499 | D:1      | 1499 ||| UPGRADING to chain mail.
  1509 | D:1      | 1509 ||| DROPPING +0 scale mail.
  1510 | D:1      | 1510 ||| READING 2 scrolls labeled NOEDDU HOKIEXT.
  1511 | D:1      | 1511 ||| READING scroll labeled UBBOUKLICO.
  1512 | D:1      | 1512 ||| DROPPING scroll of blinking.
  1636 | D:2      | Found an opulent altar of Gozag.
  1639 | D:2      | Found a stormy altar of Qazlal.
  1787 | D:2      | 1787 ||| EATING 4 rations.
  2282 | D:3      | Found a burning altar of Makhleb.
  2284 | D:3      | Found a glowing silver altar of Zin.
  2284 | D:3      | Noticed an angel
  2291 | D:3      | Noticed a balrug
  2308 | D:3      | Reached XP level 6. HP: 47/47 MP: 6/6
  2452 | D:3      | 2452 ||| DROPPING +0 whip.
  2453 | D:3      | 2453 ||| UPGRADING to whip of electrocution.
  2454 | D:3      | 2454 ||| SWAPPING to +0 war axe.
  2472 | D:3      | Reached skill level 6 in Axes
  2670 | D:3      | Found a sacrificial altar of Ru.
  2688 | D:3      | Reached skill level 1 in Dodging
  2960 | D:3      | 2960 ||| READING scroll labeled LUAXKO NACHIUX.
  3149 | D:4      | 3149 ||| UPGRADING to flail.
  3150 | D:4      | 3150 ||| SWAPPING to +0 war axe.
  3151 | D:4      | 3151 ||| DROPPING +1 whip of electrocution.
  3176 | D:4      | Reached XP level 7. HP: 46/54 MP: 7/7
  3295 | D:4      | Found a white marble altar of Elyvilon.
  3770 | D:4      | 3770 ||| READING scroll labeled SONOEBR SIEQE.
  3771 | D:4      | 3771 ||| READING scroll labeled YPSALATSOZ.
  3772 | D:4      | 3772 ||| DRINKING 3 puce potions.
  3773 | D:4      | 3773 ||| DROPPING 2 potions of brilliance.
  3789 | D:5      | Entered Level 5 of the Dungeon
  3959 | D:5      | Noticed a two-headed ogre
  4032 | D:5      | 4032 ||| STAIRDANCE
  4092 | D:4      | 4092 ||| EATING 5 rations.
  4093 | D:4      | 4093 ||| UPGRADING to runed bronze ring.
  4094 | D:4      | 4094 ||| REMOVING ring of flight.
  4095 | D:4      | 4095 ||| DROPPING ring of flight.
  4096 | D:4      | 4096 ||| UPGRADING to bronze ring.
  4097 | D:4      | 4097 ||| UPGRADING to twisted agate ring.
  4098 | D:4      | 4098 ||| READING 2 scrolls of remove curse.
  4099 | D:4      | 4099 ||| REMOVING ring of teleportation.
  4100 | D:4      | 4100 ||| DROPPING ring of teleportation.
  4106 | D:5      | HP: 5/54 [two-headed ogre/giant spiked club (16)]
  4107 | D:5      | HP: 1/54 [two-headed ogre/giant spiked club (4)]
  4109 | D:5      | Killed a two-headed ogre
  4109 | D:5      | Reached skill level 9 in Axes
  4109 | D:5      | Reached XP level 8. HP: 2/60 MP: 8/8
  4110 | D:5      | 4110 ||| STAIRDANCE
  4518 | D:5      | Found a bloodstained altar of Trog.
  4559 | D:5      | 4559 ||| STAIRDANCE
  4955 | D:5      | 4955 ||| UPGRADING to glowing large shield.
  4965 | D:5      | 4965 ||| DROPPING +0 shield.
  4966 | D:5      | 4966 ||| READING scroll labeled HELUSHR TOSIUZU.
  4967 | D:5      | 4967 ||| DRINKING 2 fizzy yellow potions.
  4968 | D:5      | 4968 ||| READING 3 scrolls of identify.
  4968 | D:5      | 4968 ||| IDENTIFYING large coral ring
  4969 | D:5      | 4969 ||| UPGRADING to ring of protection from fire.
  4970 | D:5      | 4970 ||| READING 2 scrolls of identify.
  4970 | D:5      | 4970 ||| IDENTIFYING fuming white potion
  4971 | D:5      | 4971 ||| DROPPING potion of agility.
  4972 | D:5      | 4972 ||| DROPPING potion of flight.
  5126 | D:6      | 5126 ||| EATING 6 rations.
  5161 | D:6      | Reached skill level 6 in Shields
  5161 | D:6      | Reached XP level 9. HP: 68/68 MP: 9/9
  5259 | D:6      | Noticed asdpro's ghost (novice OgBe)
  5280 | D:6      | Demolished by asdpro's ghost

Vault maps used:
D:1:      minmay_arrival_glassed_features
D:2:      minitemple, minmay_misc_feat_alley, uniq_crazy_yiuf_cottage
D:3:      corexii_shack_village, grunt_temple_overflow_order_and_chaos_2,
          kennysheep_cross_bottleneck, nicolae_ru_great_annihilating_truth
D:4:      lemuel_crystal_altar, first_ration
D:5:      bloody_trog
D:6:      minmay_overflow_temple_star_quad, lemuel_temple_firewalk_b,
          serial_shops, shop_statue, sigmund_edmund_badplayer

Skill      XL: |  1  2  3  4  5  6  7  8 |
---------------+-------------------------+-----
Axes           | 3 4 5 6 9 |  9.0
Shields        | 4 6 |  6.6
Dodging        | 1 |  1.1
Fighting       | 4 5 |  5.0
Armour         | |  3.2

Action                   |  1- 3 |  4- 6 |  7- 9 || total
-------------------------+-------+-------+-------++-------
Melee: War axe           |   109 |   199 |   125 ||   433
Throw: Javelin           |       |    24 |    21 ||    45
  Use: Scroll            |     3 |     3 |     6 ||    12
       Potion            |     2 |       |     2 ||     4
 Stab: Paralysed         |       |     1 |       ||     1
  Eat: Chunk             |     1 |     3 |     2 ||     6
       Ration            |       |     1 |     2 ||     3
Armor: Scale mail        |    36 |     7 |       ||    43
       Chain mail        |       |    81 |    41 ||   122
Dodge: Dodged            |    28 |    61 |    24 ||   113
Block: Shield            |    53 |   107 |    30 ||   190
       Large shield      |       |       |    49 ||    49

Table legend:
 A = Spawn XP
 B = Non-spawn XP
 C = Spawn XP percentage of total XP
 D = Spawn monster count
 E = Non-spawn monster count
 F = Spawn count percentage of total count
 G = Total turns spent on level
                    A         B        C        D         E        F      G
               +---------+---------+-------+---------+---------+-------+---------
         Total |       0 |    2145 |   0.0 |       0 |     109 |   0.0 |  5280
               +---------+---------+-------+---------+---------+-------+---------
           D:1 |       0 |      48 |   0.0 |       0 |      20 |   0.0 |  1048
           D:2 |       0 |     174 |   0.0 |       0 |      21 |   0.0 |   818
           D:3 |       0 |     197 |   0.0 |       0 |      40 |   0.0 |  1110
           D:4 |       0 |     199 |   0.0 |       0 |      11 |   0.0 |  1255
           D:5 |       0 |    1185 |   0.0 |       0 |      12 |   0.0 |   819
           D:6 |       0 |     342 |   0.0 |       0 |       5 |   0.0 |   230
               +---------+---------+-------+---------+---------+-------+---------
